 Dungeon Crawl Stone Soup version 0.23.0-38-g208d714 (webtiles) character file.

Game seed: 16130893612233411282

58 Lanoc the Slasher (level 3, 0/33 HPs)
             Began as a Minotaur Monk on Feb 27, 2019.
             Killed from afar by an orc wizard (8 damage)
             ... with a magic dart
             ... on level 3 of the Dungeon.
             The game lasted 00:04:23 (1551 turns).

Lanoc the Slasher (Minotaur Monk)                   Turns: 1551, Time: 00:04:24

Health: 0/33       AC:  3    Str: 15    XL:     3   Next: 76%
Magic:  2/2        EV: 13    Int:  7    God:
Gold:   71         SH:  0    Dex: 13    Spells: 2/2 levels left

rFire    . . .     SeeInvis .   a - +0 falchion
rCold    . . .     Gourm    .   (no shield)
rNeg     . . .     Faith    .   b - +0 robe
rPois    .         Spirit   .   (helmet restricted)
rElec    .         Reflect  .   l - +0 cloak {+Inv}
rCorr    +         Harm     .   (no gloves)
MR       .....                  (no boots)
Stlth    +++.......             s - amulet of regeneration
HPRegen  0.51/turn              p - ring of stealth
MPRegen  0.08/turn              r - ring of resist corrosion

@: no status effects
A: retaliatory headbutt, horns 2
a: Evoke Invisibility


You were on level 3 of the Dungeon.
You were not hungry.

You visited 1 branch of the dungeon, and saw 3 of its levels.

You collected 71 gold pieces.

Inventory:

Hand Weapons
 a - a +0 falchion (weapon)
Armour
 b - a +0 robe (worn)
 l - a +0 cloak of invisibility (worn)
Jewellery
 p - a ring of stealth (left hand)
 r - a ring of resist corrosion (right hand)
 s - an amulet of regeneration (around neck)
Scrolls
 h - 3 scrolls of remove curse {unknown}
 i - a scroll of fog {unknown}
 n - a scroll of identify {unknown}
 o - 3 scrolls of enchant weapon {unknown}
 q - a scroll of noise {unknown}
Potions
 d - a potion of degeneration {unknown}
 e - a potion of curing {unknown}
 f - 4 potions of brilliance {unknown}
 j - a potion of invisibility {unknown}
 k - 2 potions of heal wounds {unknown}
 m - a potion of lignification {unknown}
Comestibles
 c - 5 rations


   Skills:
 + Level 4.1 Fighting
 * Level 4.6 Long Blades
 + Level 1.5 Armour
 + Level 3.7 Dodging
 - Level 1.5 Stealth


You had 2 spell levels left.
You didn't know any spells.
Your spell library was empty.

Dungeon Overview and Level Annotations

Branches:
Dungeon (3/15)

Altars:


Innate Abilities, Weirdness & Mutations

You reflexively headbutt those who attack you in melee.
You have a pair of horns on your head.


Message History

The orc wizard misses you. You furiously retaliate!
You headbutt the orc wizard.
You riposte.
You hit the orc wizard but do no damage.
The orc wizard is almost dead.
You closely miss the orc wizard. Your headbutt misses the orc wizard.
The orc wizard is almost dead.
The orc wizard hits you with a +0 dagger.
You closely miss the orc wizard.
You headbutt the orc wizard, but do no damage.
The orc wizard is almost dead.
The orc wizard casts a spell at you. The magic dart hits you.
* * * LOW HITPOINT WARNING * * *
The orc wizard hits you with a +0 dagger.
* * * LOW HITPOINT WARNING * * *
You barely miss the orc wizard.
The orc wizard is almost dead.
The orc wizard gestures at you while chanting.
The magic dart hits you!
You die...

######### ...#...
#.#.######.
####..........
##.####....S@o.>..##
#......<..........#
#..####.#####...#.#
#.# #.## .. #.# .# #
..# .# ..# .# #..#
....


You could see an orc wizard and an adder.

Vanquished Creatures
  A shadow imp (D:3)
  A worm (D:2)
  2 orcs (D:3)
  A ball python (D:2)
  4 giant cockroaches (D:1)
  5 goblins
  7 hobgoblins
  5 kobolds
  7 bats
  3 frilled lizards
  5 rats
41 creatures vanquished.

Notes
Turn   | Place    | Note
-------+----------+-------------------------------------------
     0 | D:1      | Lanoc the Minotaur Monk began the quest for the Orb.
     0 | D:1      | Reached XP level 1. HP: 19/19 MP: 0/0
    99 | D:1      | Reached XP level 2. HP: 25/27 MP: 1/1
   153 | D:1      | Reached skill level 1 in Armour
   724 | D:1      | Reached XP level 3. HP: 29/33 MP: 2/2
  1551 | D:3      | Killed from afar by an orc wizard

Skill      XL: |  1  2 |
---------------+-------+-----
Long Blades    | 4 |  4.6
Armour         | 1 |  1.5
Fighting       | 4 |  4.1
Dodging        | |  3.7
Stealth        | |  1.5

Action                   || total
-------------------------++-------
Melee: Falchion          ||    75
       Headbutt          ||    12
 Stab: Sleeping          ||     2
  Eat: Chunk             ||     3
Armor: Robe              ||    23
Dodge: Dodged            ||    58
       Rpst.: Falchion   ||    19
